 Dungeon Crawl Stone Soup version 0.31-a0-102-g33a4ccc0cb (webtiles) character file.

Game seed: 12178134567307174151

888 PriceMaster the Magician (level 8, -4/50 HPs)
             Began as an Octopode Transmuter on May 26, 2023.
             Was a High Priest of Ignis.
             Slain by an iguana (9 damage)
             ... on level 6 of the Dungeon.
             The game lasted 00:09:38 (5164 turns).

PriceMaster the Magician (Octopode Transmuter)      Turns: 5164, Time: 00:09:40

Health: -4/50      AC:  8    Str:  9    XL:     8   Next: 6%
Magic:  10/15      EV: 14    Int: 15    God:    Ignis [*****.]
Gold:   243        SH:  0    Dex: 15    Spells: 12/16 levels left

rFire   + . .        g - +1 falchion (protect)
rCold   . . .        (no shield)
rNeg    . . .        i - melded +2 hat
rPois   .            (no amulet)
rElec   .            (no ring)
rCorr   .            (no ring)
SInv    .            (no ring)
Will    .....        (no ring)
Stlth   ++++         (no ring)
HPRegen 0.28/turn    (no ring)
MPRegen 0.14/turn    (no ring)
                     (no ring)

%: no passive effects
@: appendages, wereblooded, under a protective aura
A: tentacle spike 3, almost no armour, amphibious, 8 rings, camouflage 1,
gelatinous body 1, (nimble swimmer 1), tentacles, sense surroundings 1
a: End Transformation, Renounce Religion, Fiery Armour, Foxfire Swarm, Rising
Flame


You were on level 6 of the Dungeon.
You worshipped Ignis.
Ignis was extremely pleased with you.
One of your tentacles had grown a beastly spike.
You visited 1 branch of the dungeon, and saw 6 of its levels.

You collected 243 gold pieces.

Inventory:

Hand Weapons
 g - a +1 falchion of protection (weapon)
Armour
 i - a +2 hat (melded)
Scrolls
 a - a scroll of poison {unknown}
 c - a scroll of fog {unknown}
 e - a scroll of amnesia {unknown}
 h - a scroll of enchant armour {unknown}
Potions
 d - 2 potions of attraction


   Skills:
 + Level 1.9 Fighting
 + Level 3.0 Long Blades
 + Level 2.7 Dodging
 + Level 3.7 Stealth
 + Level 3.9 Unarmed Combat
 + Level 4.8 Spellcasting
 + Level 4.7 Transmutations
 + Level 0.8 Earth Magic
 + Level 0.4 Evocations


You had 12 spell levels left.
You knew the following spells:

 Your Spells              Type           Power      Damage    Failure   Level
a - Beastly Appendage     Tmut           34%        N/A       2%          1
b - Wereblood             Tmut           17%        N/A       3%          2
c - Sandblast             Erth           12%        2d6       12%         1

Your spell library contained the following spells:

 Spells                   Type           Power      Damage    Failure   Level
 Passwall                 Tmut/Erth      8%         N/A       11%         2
 Spider Form              Tmut/Pois      8%         N/A       24%         3
 Stone Arrow              Conj/Erth      6%         3d7       47%         3
 Inner Flame              Hex/Fire       1%         N/A       54%         3
 Blade Hands              Tmut           8%         N/A       54%         5
 Ice Form                 Ice/Tmut       8%         N/A       63%         4
 Cause Fear               Hex            1%         N/A       86%         4
 Summon Lightning Spire   Summ/Air       1%         N/A       91%         4
 Yara's Violent Unravell  Hex/Tmut       4%         3d4       92%         5
 Dragon Form              Tmut           8%         N/A       100%        7
 Enfeeble                 Hex            1%         N/A       100%        7
 Dragon's Call            Summ           1%         N/A       100%        9
 Animate Armour           Summ/Erth      Unusable   N/A       N/A         4

Dungeon Overview and Level Annotations

Branches:
Dungeon (6/15)             Temple (0/1) D:5

Altars:
Dithmenos
Hepliaklqana
Ru
The Shining One
Ignis

Shops:
D:6 [

Annotations:
D:6 Prince Ribbit


Innate Abilities, Weirdness & Mutations

One of your tentacles has grown a beastly spike.
You cannot wear most types of armour.
You are amphibious.
You can wear up to eight rings at the same time.
Your skin changes colour to match your surroundings (Stealth+).
Your rubbery body absorbs attacks. (AC +1, EV +1)
((You are camouflaged when in or above water. (Stealth+)))
You have tentacles for arms and can constrict up to eight enemies at once.
You passively map a small area around you.


Message History

The orc closely misses you. The sleepcap closely misses you.
You slash the sleepcap!
You pierce the sleepcap, but do no damage.
The sleepcap is severely damaged.
You constrict the sleepcap. The sleepcap releases spores at you!
* * * LOW HITPOINT WARNING * * *
You are engulfed in a cloud of soporific spores!
You fall asleep.
You lose your grip on the sleepcap.
The orc hits you but does no damage. The sleepcap releases spores at you!
You wake up.
* * * LOW HITPOINT WARNING * * *
The orc closely misses you.
Okay, then.
You hit the orc. You grab the orc.
You pierce the orc.
You feel a bit better.
You kill the orc!
The sleepcap releases spores at you.
* * * LOW HITPOINT WARNING * * *
You are engulfed in a cloud of soporific spores!
You are unaffected.
A sky beast comes into view.
The sleepcap closely misses you.
Okay, then.
You hit the sleepcap but do no damage. You grab the sleepcap.
You pierce the sleepcap, but do no damage.
You squeeze the sleepcap.
The sleepcap is almost destroyed.
You constrict the sleepcap. The sleepcap barely misses you.
You hit the sleepcap. You squeeze the sleepcap.
You feel a bit better.
You destroy the sleepcap!
You hit the sky beast.
You pierce the sky beast.
The sky beast is moderately wounded.
The sky beast closely misses you.
You hit the sky beast but do no damage. Your squeeze misses the sky beast.
The sky beast is moderately wounded.
You hear an angry hiss.
The sky beast closely misses you.
You hit the sky beast but do no damage. Your squeeze misses the sky beast.
The sky beast is moderately wounded.
The iguana bites you!
You die...

, * , * #####
* #...## , *
# ,+++..# ..
+@+..###### ,
,
#.lY+.......#
*
##.....####.#
,, , *
#.....# * *
####### * * ,
,* * ,, *** *
, ** * , , *


You could see a sky beast and an iguana.

Vanquished Creatures
  A black bear (D:5)
  An ogre (D:5)
  2 phantoms
  A centaur (D:6)
  2 scorpions (D:6)
  A jelly (D:4)
  A hound (D:4)
  Crazy Yiuf (D:4)
  3 iguanas (D:5)
  A sleepcap (D:6)
  Robin (D:2)
  10 adders
  A worm (D:5)
  2 dart slugs
  2 orcs
  3 bats (D:2)
  5 endoplasms
  A giant cockroach (D:4)
  18 goblins
  4 hobgoblins
  8 kobolds
  2 quokkas
  2 ball pythons (D:1)
  9 frilled lizards
  5 rats
87 creatures vanquished.

Notes
Turn   | Place    | Note
-------+----------+-------------------------------------------
     0 | D:1      | PriceMaster the Octopode Transmuter began the quest for the
                  | Orb.
     0 | D:1      | Reached XP level 1. HP: 13/13 MP: 3/3
   161 | D:1      | Reached XP level 2. HP: 18/18 MP: 3/5
   164 | D:1      | Learned a level 2 spell: Wereblood
   981 | D:2      | Reached skill level 1 in Stealth
   981 | D:2      | Reached XP level 3. HP: 20/23 MP: 2/6
  1092 | D:2      | Noticed Robin
  1114 | D:2      | Killed Robin
  1127 | D:2      | Reached XP level 4. HP: 28/28 MP: 7/7
  1481 | D:2      | Found a faded altar of an unknown god.
  1980 | D:2      | Reached XP level 5. HP: 33/33 MP: 5/8
  2139 | D:2      | Prayed at the altar of an unknown god.
  2139 | D:2      | Became a worshipper of Ignis, the Dying Flame
  2751 | D:4      | Gained mutation: You are robust. (+10% HP) [potion of
                  | mutation]
  2751 | D:4      | Gained mutation: Your spells are a little harder to cast,
                  | but a little more powerful. [potion of mutation]
  2752 | D:4      | Lost mutation: You are robust. (+10% HP) [potion of
                  | mutation]
  2752 | D:4      | Lost mutation: Your spells are a little harder to cast, but
                  | a little more powerful. [potion of mutation]
  2752 | D:4      | Gained mutation: You passively map a small area around you.
                  | [potion of mutation]
  3116 | D:4      | Noticed a phantom
  3131 | D:4      | Killed a phantom
  3132 | D:4      | Reached skill level 1 in Long Blades
  3132 | D:4      | Reached XP level 6. HP: 18/38 MP: 5/10
  3346 | D:4      | Found a shadowy altar of Dithmenos.
  3346 | D:4      | Found a sacrificial altar of Ru.
  3434 | D:4      | Learned a level 1 spell: Sandblast
  3590 | D:4      | Found a runed translucent door.
  3591 | D:4      | Noticed Crazy Yiuf
  3714 | D:4      | Killed Crazy Yiuf
  3813 | D:5      | Entered Level 5 of the Dungeon
  3936 | D:5      | Noticed a black bear
  4175 | D:5      | Found a staircase to the Ecumenical Temple.
  4305 | D:5      | Reached XP level 7. HP: 24/43 MP: 9/12
  4632 | D:5      | Found a hazy altar of Hepliaklqana.
  4710 | D:5      | Found a glowing golden altar of the Shining One.
  5132 | D:6      | Noticed Prince Ribbit
  5136 | D:6      | Found Poad's Antique Armour Shop.
  5154 | D:6      | Reached XP level 8. HP: 19/50 MP: 9/15
  5158 | D:6      | HP: 2/50 [sleepcap (12)]
  5164 | D:6      | Slain by an iguana

Illustrated notes

Levels and vault maps discovered:
D:1:      psy_arrival_spokes, layout_basic, minmay_lizard_king
D:2:      kb_forest_paths, layout_loops_ring,
          shapermc_ecumenical_altar_flowoftime, uniq_robin
D:3:      layout_basic, mainiacjoe_overflow_surrounded_room, lemuel_doored_altar
D:4:      layout_cave_pools, gammafunk_temple_overflow_elements,
          hangedman_abyss_or_decor_passed, minmay_misc_feat_x,
          kennysheep_cross_room, uniq_crazy_yiuf_cottage
D:5:      layout_gridville, mainiacjoe_overflow_catch_the_wave,
          minmay_temple_entry_statues_pillars
D:6:      minmay_chambers_of_fours, layout_loops_cross,
          chequers_ossuary_entry_cave, serial_shops,
          nicolae_shop_tiny_real_fake_doors, uniq_prince_ribbit1

Skill      XL: |  1  2  3  4  5  6  7 |
---------------+----------------------+-----
Stealth        | 1 2 3 |  3.7
Transmutations | 3 4 |  4.7
Long Blades    | 1 3 |  3.0
Spellcasting   | 3 4 |  4.8
Fighting       | |  1.9
Dodging        | |  2.7
Unarmed Combat | |  3.9
Earth Magic    | |  0.8
Evocations     | |  0.4

Action                     |  1- 3 |  4- 6 |  7- 9 || total
---------------------------+-------+-------+-------++-------
  Melee: Unarmed           |    70 |       |       ||    70
         Tentacles         |     6 |    23 |    15 ||    44
         Constrict         |     7 |    22 |     9 ||    38
         Kick              |     6 |    23 |    19 ||    48
         Punch             |     1 |     4 |     1 ||     6
         Falchion          |       |   104 |    51 ||   155
   Cast: Beastly Appendage |    12 |    33 |    11 ||    56
         Wereblood         |     8 |    26 |    12 ||    46
         Sandblast         |       |     1 |     8 ||     9
 Invoke: Fiery Armour      |       |     1 |       ||     1
  Evoke: Wand              |       |     4 |       ||     4
    Use: Potion            |     4 |     7 |       ||    11
         Scroll            |       |     6 |     1 ||     7
   Stab: Sleeping          |     1 |     8 |       ||     9
 Armour: Skin              |    37 |    22 |    14 ||    73
  Dodge: Dodged            |    27 |    72 |    47 ||   146

Table legend: (Time is in decaauts)
 A = Elapsed time spent in this place.
 B = Non-inter-level travel time spent in this place.
 C = Inter-level travel time spent in this place.
 D = Time resting spent in this place.
 E = Time spent auto-exploring this place.
 F = Levels seen in this place.
 G = Mean time per level.
                   A        B        C        D        E       F      G
               +--------+--------+--------+--------+--------+-----+--------+
         Total |   5201 |   4946 |    255 |    423 |   3733 |   6 |  866.8 |
       Dungeon |   5201 |   4946 |    255 |    423 |   3733 |   6 |  866.8 |
               +--------+--------+--------+--------+--------+-----+--------+

Top non-repeatable levels by time:
     D:2: 1224 daAuts
     D:5: 1215 daAuts
     D:4: 1098 daAuts
     D:1: 950 daAuts
     D:3: 562 daAuts
     D:6: 150 daAuts
